Map: Lerilak Crest

Players

LilDicky - Winner!

  • Race: Terran Terran
  • League: Diamond

NANA

  • Race: Terran Terran
  • League: Diamond

VOD

http://www.twitch.tv/tumescentpie

Description

Time

  • Played on: Nov. 26, 2015, 12:43 p.m.
  • Length: 3:55
Show
View Real Time Build Order
Export as new Build Order

LilDicky Terran - Winner!

Build Orders:  

Get SALT Encoding   

  12  0:01  SCV  
  13  0:13  SCV  
  14  0:17  Refinery  
  14  0:24  Supply Depot  
  14  0:27  SCV  
  15  0:46  SCV  
  15  0:47  Barracks  
  16  0:58  SCV  
  17  1:10  SCV  
  18  1:18  Barracks  
  18  1:22  SCV  
  19  1:31  Barracks  
  19  1:37  Reaper  
  20  1:48  Orbital Command  
  20  1:57  Refinery  
  20  2:09  Supply Depot, Reaper  
  20  2:11  Reaper  
  22  2:20  Reaper  
  23  2:30  SCV  
  23  2:31  Supply Depot  
  24  2:41  Reaper  
  24  2:43  Reaper  
  26  2:52  Reaper  
  26  2:55  SCV  
  29  3:26  SCV, Factory  
  30  3:29  Bunker  
  30  3:32  Marine x2  
  31  3:38  SCV  
  36  3:55  Engineering Bay  
Show
View Real Time Build Order
Export as new Build Order

NANA Terran 

Build Orders:  

Get SALT Encoding   

Tags
 
Add a new tag
Caveats
  • Supply blocks, unpowered buildings, or Contaminate may cause inaccurate times.
  • Supply counts are checked every 10 seconds.